 Dungeon Sprint DCSS version 0.21-a0-278-ga722497 (webtiles) character file.

11 potatolord6000 the Sneak (level 2, -4/15 HPs)
             Began as a Spriggan Assassin on Sept 21, 2017.
             Was an Initiate of Elyvilon.
             Shot with an arrow by a centaur (12 damage)
             ... in the Dungeon (Sprint VII: "The Pits").
             The game lasted 00:00:47 (113 turns).

potatolord6000 the Sneak (Spriggan Assassin)         Turns: 113, Time: 00:00:48

Health: -4/15      AC:  3    Str:  7    XL:     2   Next: 13%
Magic:  3/4        EV: 18    Int: 12    God:    Elyvilon [......]
Gold:   0          SH:  0    Dex: 17    Spells: 1/1 levels left

rFire    . . .     SeeInvis +   a - +2 dagger
rCold    . . .     Gourm    .   (shield restricted)
rNeg     . . .     Faith    .   c - +0 robe
rPois    .         Spirit   .   (helmet restricted)
rElec    .         Reflect  .   d - +0 cloak
rCorr    .         Harm     .   (gloves unavailable)
MR       .....     NoTele   +   (boots unavailable)
Stlth    ++++......             (no amulet)
HPRegen  0.05/turn              (no ring)
MPRegen  0.09/turn              (no ring)

@: very quick
A: unfitting armour, see invisible, herbivore 3, speed 3, slow metabolism 2
a: Renounce Religion


You were in the Dungeon.
You worshipped Elyvilon.
Elyvilon was noncommittal.
You were not hungry.

You visited 1 branch

Inventory:

Hand Weapons
 a - a +2 dagger (weapon)
Armour
 c - a +0 robe (worn)
 d - a +0 cloak (worn)
Scrolls
 e - 3 scrolls of remove curse
 f - 5 scrolls of amnesia
 m - a scroll of blinking
 n - a scroll of summoning
Potions
 b - 2 potions of invisibility
 h - a potion of curing
 i - a potion of heal wounds
 j - a potion of haste
 k - 4 potions of magic
 l - 3 potions of berserk rage
Comestibles
 g - 8 bread rations
 o - 40 fruits


   Skills:
 + Level 2.1 Fighting
 + Level 3.0 Short Blades
 - Level 2.0 Throwing
 + Level 2.8 Dodging
 + Level 6.8 Stealth
 + Level 1.5 Invocations


You had one spell level left.
You didn't know any spells.

Dungeon Overview and Level Annotations

Branches:
Dungeon (1/1)

Altars:
Ashenzari
Cheibriados
Dithmenos
Elyvilon
Fedhas
Gozag
Hepliaklqana
Kikubaaqudgha
Makhleb
Nemelex Xobeh
Okawaru
Qazlal
Ru
Sif Muna
Trog
Uskayaw
Vehumet
Wu Jian
Xom
Yredelemnul
Zin
The Shining One
Beogh
Jiyva
Lugonu


Innate Abilities, Weirdness & Mutations

You are very small and have problems with some larger weapons.
You are too small for most types of armour.
You have supernaturally acute eyesight. (SInv)
You are a herbivore.
You cover ground extremely quickly.
You need consume almost no food.


Message History

You open the door.
A bat and a hobgoblin come into view.
A rat and a centaur come into view.
There is an open door here.
There is an open door here.
You hit the hobgoblin.
You kill the hobgoblin!
Your Short Blades skill increases to level 3!
There is an open door, spattered with blood here.
Things that are here:
a club; a hobgoblin corpse The centaur shouts!
The centaur wields a shortbow.
The centaur shoots an arrow.
The arrow hits you! The rat completely misses you.
You see here an arrow.
You hit the rat.
You kill the rat!
The centaur shoots an arrow.
The arrow hits you!
Ouch! That really hurt!
You die...

#%?(.')))'.##......#..
##########.##.........
#...........'.........
#+#####'#####......#..
#...#.# #.........
#...#.# ####'#####
#...'.# #.......#
##)#### #.......#
#..@..# #.......#
#b....# #...<...#
#......c.##.......#
#........##.......#
###########.......#
#########


You could see a centaur and a bat (sleeping).

Vanquished Creatures
  An ooze (D)
  A giant cockroach (D)
  A hobgoblin (D)
  A quokka (D)
  2 giant cockroach zombies (D)
  A rat (D)
7 creatures vanquished.

Notes
Turn   | Place    | Note
-------+----------+-------------------------------------------
     0 | D        | potatolord6000 the Spriggan Assassin began the quest for the Orb.
     0 | D        | Reached XP level 1. HP: 10/10 MP: 2/2
    19 | D        | Reached skill level 6 in Stealth
    46 | D        | Found a bloodstained altar of Trog.
    46 | D        | Found a deep blue altar of Sif Muna.
    46 | D        | Found a viscous altar of Jiyva.
    46 | D        | Found a hazy altar of Hepliaklqana.
    46 | D        | Found an opulent altar of Gozag.
    47 | D        | Found a glowing golden altar of the Shining One.
    47 | D        | Found a glowing silver altar of Zin.
    47 | D        | Found a basalt altar of Yredelemnul.
    47 | D        | Found a shimmering altar of Xom.
    47 | D        | Found an ornate altar of the Wu Jian Council.
    47 | D        | Found a sacrificial altar of Ru.
    47 | D        | Found a stormy altar of Qazlal.
    47 | D        | Found an iron altar of Okawaru.
    47 | D        | Found a sparkling altar of Nemelex Xobeh.
    47 | D        | Found a burning altar of Makhleb.
    47 | D        | Found a blossoming altar of Fedhas.
    47 | D        | Found a white marble altar of Elyvilon.
    47 | D        | Found a shadowy altar of Dithmenos.
    47 | D        | Found a snail-covered altar of Cheibriados.
    49 | D        | Found a radiant altar of Vehumet.
    49 | D        | Found a corrupted altar of Lugonu.
    49 | D        | Found a roughly hewn altar of Beogh.
    51 | D        | Found an ancient bone altar of Kikubaaqudgha.
    51 | D        | Found a hide-covered altar of Uskayaw.
    51 | D        | Found a shattered altar of Ashenzari.
    56 | D        | Became a worshipper of Elyvilon the Healer
    92 | D        | Reached skill level 1 in Invocations
    92 | D        | Reached XP level 2. HP: 15/15 MP: 3/3
   103 | D        | Noticed a centaur
   113 | D        | Shot with an arrow by a centaur

Vault maps used:
D:        pitsprint

Skill      XL: |  1  2 |
---------------+-------+-----
Dodging        | 2 |  2.8
Stealth        | 6 |  6.8
Fighting       | 2 |  2.1
Invocations    | 1 |  1.5
Short Blades   | 3 |  3.0
Throwing       | |  2.0

Action                   || total
-------------------------++-------
Melee: Dagger            ||    17
 Stab: Sleeping          ||     3
Dodge: Dodged            ||    18

Table legend:
 A = Spawn XP
 B = Non-spawn XP
 C = Spawn XP percentage of total XP
 D = Spawn monster count
 E = Non-spawn monster count
 F = Spawn count percentage of total count
 G = Total turns spent on level
                    A         B        C        D         E        F      G
               +---------+---------+-------+---------+---------+-------+---------
         Total |       0 |      16 |   0.0 |       0 |       7 |   0.0 |   113
               +---------+---------+-------+---------+---------+-------+---------
             D |       0 |      16 |   0.0 |       0 |       7 |   0.0 |   113
               +---------+---------+-------+---------+---------+-------+---------
